 Dungeon Crawl Stone Soup version 0.30-a0-377-g5cb311bc9f (webtiles) character file.

Game seed: 7953096686561705646

13 retardedninja the Trooper (level 2, -5/27 HPs)
             Began as a Hill Orc Fighter on Nov 30, 2022.
             Succumbed to a goblin's poison
             ... on level 1 of the Dungeon.
             The game lasted 00:01:15 (405 turns).

retardedninja the Trooper (Hill Orc Fighter)         Turns: 405, Time: 00:01:15

Health: -5/27      AC:  6    Str: 15 (18) XL:     2   Next: 37%
Magic:  2/2        EV:  8    Int:  6 (8)  God:
Gold:   30         SH:  4    Dex:  9 (10) Spells: 1/1 levels left

rFire   . . .      SeeInvis .    a - +0 war axe
rCold   . . .      Faith    .    c - +0 buckler
rNeg    . . .      Spirit   .    b - +0 scale mail
rPois   .          Reflect  .    (no helmet)
rElec   .          Harm     .    (no cloak)
rCorr   .          Rampage  .    (no gloves)
Will    .....                    (no boots)
Stlth   ..........               (no amulet)
HPRegen 0.24/turn                (no ring)
MPRegen 0.08/turn                (no ring)

@: lethally poisoned (-5 -> -32), about to teleport, weak-willed
A: no striking features
a: no special abilities


You were on level 1 of the Dungeon.
You visited 1 branch of the dungeon, and saw 1 of its levels.

You collected 30 gold pieces.

Inventory:

Hand Weapons
 a - a +0 war axe (weapon)
Armour
 b - a +0 scale mail (worn)
 c - a +0 buckler (worn)
Scrolls
 f - a scroll of amnesia {unknown}
 h - a scroll of teleportation
 i - a scroll of identify {unknown}
Potions
 d - a potion of might
 e - a potion of degeneration


   Skills:
 + Level 3.8 Fighting
 * Level 3.2 Axes
 + Level 0.2 Throwing
 + Level 3.4 Armour
 + Level 3.4 Shields


You had one spell level left.
You didn't know any spells.
Your spell library was empty.

Dungeon Overview and Level Annotations

Branches:
Dungeon (1/15)

Altars:

Shops:
D:1 :


Message History

You feel sick. The goblin hits you but does no damage.
You are more poisoned.
You closely miss the goblin.
The goblin is heavily wounded.
You feel very sick.
The goblin hits you with a +0 dagger of venom.
You are lethally poisoned!
The goblin barely misses you.
You hit the goblin but do no damage.
The goblin is heavily wounded.
You feel extremely sick. The goblin hits you but does no damage.
You are more poisoned.
You are too injured to fight recklessly!
You are too injured to fight recklessly!
You are too injured to fight recklessly!
You are too injured to fight recklessly!
You are too injured to fight recklessly!
You are too injured to fight recklessly!
You are too injured to fight recklessly!
You are too injured to fight recklessly!
You are too injured to fight recklessly!
You are too injured to fight recklessly!
It was a potion of degeneration.
There was something very wrong with that liquid.
You feel weakened.
You feel dopey.
You feel clumsy.
* * * LOW HITPOINT WARNING * * *
You feel very sick. The goblin hits you but does no damage.
You are more poisoned.
Why would you want to do that?
As you read the scroll labelled SYLAPAWKATH, it crumbles to dust.
You feel strangely unstable.
It was a scroll of teleportation.
* * * LOW HITPOINT WARNING * * *
You feel very sick. The goblin hits you but does no damage.
You are more poisoned.
As you read the scroll labelled SUPOTWUKIJ, it crumbles to dust.
Magic quickly surges around you.
It was a scroll of vulnerability.
You die...

#.# #.# #.#
#.######
#......# #
######.# ###.#
#.#
.....g######.#
..|..Bg@.....#
###.##########


You could see a giant cockroach (weak-willed) and 2 goblins.

Vanquished Creatures
  A dart slug (D:1)
  2 ball pythons (D:1)
  2 endoplasms (D:1)
  A hobgoblin (D:1)
  A bat (D:1)
  A goblin (D:1)
  A kobold (D:1)
  3 rats (D:1)
12 creatures vanquished.

Notes
Turn   | Place    | Note
-------+----------+-------------------------------------------
     0 | D:1      | retardedninja the Hill Orc Fighter began the quest for the
                  | Orb.
     0 | D:1      | Reached XP level 1. HP: 19/19 MP: 1/1
    28 | D:1      | Found Tinnur's Book Shoppe.
   214 | D:1      | Reached XP level 2. HP: 27/27 MP: 2/2
   404 | D:1      | HP: 1/27 [poisoned by a goblin]
   405 | D:1      | Succumbed to a goblin's poison

Illustrated notes

Levels and vault maps discovered:
D:1:      sevenhm_arrival_forest_fort_small_4, layout_basic, serial_shops,
          shop_fountains

Skill      XL: |  1 |
---------------+----+-----
Axes           | 3 |  3.2
Fighting       | |  3.8
Throwing       | |  0.2
Armour         | |  3.4
Shields        | |  3.4

Action                   || total
-------------------------++-------
Melee: War axe           ||    28
  Use: Scroll            ||     2
       Potion            ||     1
Armor: Scale mail        ||    10
Dodge: Dodged            ||     8
Block: Buckler           ||     9

Table legend: (Time is in decaauts)
 A = Elapsed time spent in this place.
 B = Non-inter-level travel time spent in this place.
 C = Inter-level travel time spent in this place.
 D = Time resting spent in this place.
 E = Time spent auto-exploring this place.
 F = Levels seen in this place.
 G = Mean time per level.
                   A        B        C        D        E       F      G
               +--------+--------+--------+--------+--------+-----+--------+
         Total |    421 |    421 |      0 |      0 |    343 |   1 |  421.0 |
       Dungeon |    421 |    421 |      0 |      0 |    343 |   1 |  421.0 |
               +--------+--------+--------+--------+--------+-----+--------+

Top non-repeatable levels by time:
     D:1: 421 daAuts
